[Event "*** Titled Tuesday Blitz"]
[Site "Chess.com"]
[Date "2020.05.19"]
[Round "7"]
[White "Alexander_Zubov"]
[Black "Igrok3069"]
[Result "1-0"]
[WhiteElo "2946"]
[BlackElo "2770"]
[TimeControl "180+1"]
[EndTime "13:20:21 PDT"]
[Termination "Alexander_Zubov won on time"]

1. d4 d5 2. c4 c6 3. Nf3 Nf6 4. Qb3 e6 5. Bg5 Nbd7 6. Nbd2 Be7 7. Rc1 O-O 8. e3 b6 9. cxd5 cxd5 10. Bd3 Bb7 11.
O-O Rc8 12. Rc3 Rxc3 13. bxc3 Ne4 14. Bxe7 Qxe7 15. c4 Nxd2 16. Nxd2 dxc4 17. Nxc4 Rc8 18. e4 Nf6 19. e5 Ne8 20. Qb1 h6 21. Rd1 Qg5 22.
Ne3 Qf4 23. Qb2 Rd8 24. Bf1 Nc7 25. g3 Qg5 26. h4 Qe7 27. Rc1 Be4 28. a4 Bf3 29. Nc4 Ne8 30. Nd2 Bd5 31. Bb5 1-0

[Event "*** Titled Tuesday Blitz"]
[Site "Chess.com"]
[Date "2020.05.19"]
[Round "7"]
[White "damayito"]
[Black "Bad4life"]
[Result "0-1"]
[WhiteElo "1631"]
[BlackElo "2294"]
[TimeControl "180+1"]
[EndTime "13:20:21 PDT"]
[Termination "Bad4life won on time"]

1. e4 g6 2. Nf3 d6 3. g3 c5 4. Bg2 Bg7 5. O-O Nc6 6. d3 Nf6 7.
Nc3 O-O 8. Bg5 h6 9. Bd2 Kh7 10. Rb1 e5 11. Nd5 b5 12. c4 Nxd5 13. exd5 Ne7 14. b3 b4 15. Nh4 Nf5 16. Nxf5 Bxf5 17. Be3 a5 18. f4 a4 19. fxe5 axb3 20. axb3 Bxe5 21. Bf4 Bd4+ 22. Kh1 Ra2 23. Rc1 Qd7 24. Rc2 Bg4 25. Qc1 Ra1 26. Qd2 Rxf1+ 27. Bxf1 Bf3+ 28. Bg2 Qh3 29. Rc1 Qh5 30. Bxf3 Qxf3+ 31. Qg2 Qxd3 32. Rf1 Rd8 33. Qf3 Qc2 0-1

[Event "*** Titled Tuesday Blitz"]
[Site "Chess.com"]
[Date "2020.05.19"]
[Round "7"]
[White "Jagerrmeisterr"]
[Black "DortmundCity"]
[Result "0-1"]
[WhiteElo "2648"]
[BlackElo "2515"]
[TimeControl "180+1"]
[EndTime "13:20:22 PDT"]
[Termination "DortmundCity won by resignation"]

1. e4 c5 2. Nc3 Nc6 3. g3 g6 4. Bg2 Bg7 5. d3 e6 6. Be3 Nd4 7. Nce2 Ne7 8. c3 Nxe2 9. Nxe2 d6 10. Qd2 b6 11. Rd1 Bb7 12. Bh6 O-O 13. h4 Nf5 14. Bg5 f6 15. Bf4 e5 16. g4 Nxh4 17. Rxh4 exf4 18. Rh3 g5 19. d4 f5 20. f3 fxg4 21.
fxg4 h5 22. Bf3 h4 23. Qd3 Qe7 24. Kf2 Rae8 25. e5 dxe5 26. Qc4+ Kh8 27. Bxb7 Qxb7 28.
Rdh1 Qe4 29. Rxh4+ gxh4 30. Rxh4+ Bh6 31. Rxh6+ Kg7 32. Rh5 Qe3+ 33. Kf1 f3 34. Ng3 exd4 35. Nf5+ Rxf5 0-1

[Event "*** Titled Tuesday Blitz"]
[Site "Chess.com"]
[Date "2020.05.19"]
[Round "7"]
[White "jlandaw"]
[Black "miruna_daria28"]
[Result "1-0"]
[WhiteElo "2477"]
[BlackElo "2273"]
[TimeControl "180+1"]
[EndTime "13:20:22 PDT"]
[Termination "jlandaw won by checkmate"]

1. e4 e6 2. d4 d5 3. e5 c5 4.
c3 Nc6 5. Nf3 Bd7 6. Bd3 Nge7 7.
O-O Ng6 8. a3 Be7 9. b4 cxb4 10.
axb4 a6 11. g3 b5 12. h4 O-O 13. h5 Nh8 14. Qc2 g6 15. Nbd2 Qe8 16. Nb3 f6 17. Bh6 fxe5 18. Bxf8 Bxf8 19. Nxe5 Nxe5 20. dxe5 Bg7 21. f4 Bc6 22. Nd4 Bb7 23. Qe2 Rc8 24.
Rac1 Qe7 25. Qg4 Re8 26. Kf2 Qf7 27. Ke3 Bh6 28. hxg6 Nxg6 29. Rh1 Qg7 30. Bxg6 hxg6 31. Ke2 Kf7 32. Rh3 Qf8 33. Rch1 Bg7 34. Rh7 a5 35.
R1h6 Kg8 36. Qxg6 Qf7 37. Rh8# 1-0

[Event "*** Titled Tuesday Blitz"]
[Site "Chess.com"]
[Date "2020.05.19"]
[Round "7"]
[White "hansen"]
[Black "viktorskliarov"]
[Result "1-0"]
[WhiteElo "2942"]
[BlackElo "2584"]
[TimeControl "180+1"]
[EndTime "13:20:23 PDT"]
[Termination "hansen won by resignation"]

1. e4 c5 2. Nf3 Nc6 3. Bb5 e6 4. O-O Nge7 5. Re1 a6 6. Bf1 d5 7. exd5 Nxd5 8. d4 Nf6 9. Be3 cxd4 10. Nxd4 Bd7 11. c4 Nxd4 12. Qxd4 Bc6 13. Nc3 Qxd4 14. Bxd4 Bb4 15. a3 Bxc3 16. Bxc3 O-O 17. f3 Rfd8 18. b4 b5 19. Rac1 bxc4 20. Bxc4 Bb5 21. Ba2 Nd5 22. Be5 Rac8 23. Kf2 f6 24. Bd4 Kf7 25. Bc5 Nf4 26. Kg3 Ne2+ 27. Rxe2 Bxe2 28. Rc2 Bb5 29. Rc1 Rd3 30. Re1 Rc6 31. h4 Rxa3 32. Bb1 h5 33. Rd1 Rc7 34. Rd6 Rd7 35. Rb6 Rb3 36.
Ba2 Rdd3 37. Rb7+ Kg6 38. Bf8 Rb2 39. Bxe6 Be8 40. Rxg7+ Kh6 41. Rd7+ Kg6 42. Rxd3 1-0

[Event "*** Titled Tuesday Blitz"]
[Site "Chess.com"]
[Date "2020.05.19"]
[Round "7"]
[White "ajian"]
[Black "MisiekZielony"]
[Result "1-0"]
[WhiteElo "2317"]
[BlackElo "2108"]
[TimeControl "180+1"]
[EndTime "13:20:23 PDT"]
[Termination "ajian won on time"]

1. d4 d5 2. c4 c6 3. Nf3 Nf6 4. Nc3 dxc4 5. a4 a5 6. e4 Bg4 7. Bxc4 e6 8. O-O Bb4 9. Re1 Nbd7 10. h3 Bh5 11. Bg5 h6 12. Bh4 Qb6 13. e5 Nd5 14. Qd3 g5 15. Bg3 Bg6 16. Qd2 O-O-O 17. Rec1 Kb8 18. Qe2 Nf4 19. Bxf4 gxf4 20. Ne4 Bh5 21.
Rc2 c5 22. dxc5 Nxc5 23. Nd6 Rd7 24. Bb5 Rc7 25. Rac1 Bg6 26. Rc4 Bd3 27. Qd1 Bxc4 28. Nxc4 Qa7 29. Nd6 Rd8 30. Qe2 Qb6 31. Rd1 1-0

[Event "*** Titled Tuesday Blitz"]
[Site "Chess.com"]
[Date "2020.05.19"]
[Round "7"]
[White "csati17"]
[Black "ElGasanov"]
[Result "0-1"]
[WhiteElo "2568"]
[BlackElo "2756"]
[TimeControl "180+1"]
[EndTime "13:20:25 PDT"]
[Termination "ElGasanov won by resignation"]

1. c4 e5 2. g3 d6 3. Nc3 f5 4. d4 Be7 5. dxe5 dxe5 6. Qxd8+ Bxd8 7. Nf3 e4 8. Nd4 c6 9. Bf4 Nf6 10. O-O-O Na6 11. Bd6 Ng4 12. Bh3 Nxf2 13. Bxf5 Bg5+ 14.
Kb1 Nxh1 15. Nxe4 Be7 16. Rxh1 g6 17. Bxc8 Rxc8 18. Rd1 Rd8 19. c5 Nb4 20. Ne6 Rd7 21.
Rf1 Nd5 22. h4 Ne3 23. Ng7+ Kd8 24. Rf7 Bxd6 25. Nxd6 Re7 26. Ne6+ Rxe6 27. Rxb7 Rf8 28. a4 Rf1+ 29. Ka2 Re7 30. Rb8+ Kd7 31. Rb3 a5 32. Rd3 Nc2 33. e4 Nb4+ 0-1

[Event "*** Titled Tuesday Blitz"]
[Site "Chess.com"]
[Date "2020.05.19"]
[Round "7"]
[White "TST2014"]
[Black "GadimbayliA"]
[Result "0-1"]
[WhiteElo "2572"]
[BlackElo "2831"]
[TimeControl "180+1"]
[EndTime "13:20:25 PDT"]
[Termination "GadimbayliA won by checkmate"]

1. d4 d5 2. c4 e5 3. dxe5 d4 4.
Nf3 Nc6 5. a3 Nge7 6. e3 Bg4 7.
Be2 dxe3 8. Qxd8+ Rxd8 9. Bxe3 Bxf3 10. Bxf3 Nxe5 11. Bxb7 Nxc4 12. Bxa7 c6 13. Be3 Nxe3 14.
fxe3 Rb8 15. Ba6 Rxb2 16. Nd2 Nd5 17. Nc4 Rxg2 18. Bb7 Kd7 19. Ne5+ Ke6 20. Nxc6 Bc5 21. Nd4+ Ke5 22. Nf3+ Ke4 23. Nd2+ Kd3 24. Bxd5 Re2+ 25. Kf1 Rxd2 26. e4 Rb8 27. h4 Rbb2 28. Rh3+ Be3 29. Rh1 Rf2+ 30. Ke1 Rbe2+ 31. Kd1 Rd2+ 32. Ke1 f6 33. a4 Bd4 34. Ra3+ Kc2 35. a5 Rd1# 0-1

[Event "*** Titled Tuesday Blitz"]
[Site "Chess.com"]
[Date "2020.05.19"]
[Round "7"]
[White "Chessmasterzt"]
[Black "sari07"]
[Result "0-1"]
[WhiteElo "2583"]
[BlackElo "2464"]
[TimeControl "180+1"]
[EndTime "13:20:26 PDT"]
[Termination "sari07 won by checkmate"]

1. d4 d5 2. c4 c6 3. Nf3 Nf6 4. Nbd2 Bf5 5. Nh4 Be4 6. e3 e6 7. f3 Bg6 8. Nxg6 hxg6 9. Be2 Bd6 10. f4 Nbd7 11. c5 Bc7 12. b4 g5 13. g3 gxf4 14. exf4 g5 15. fxg5 Bxg3+ 16. Kf1 Ne4 17. Nxe4 dxe4 18. Kg2 Bh4 19. Qc2 Bxg5 20. Qxe4 Bxc1 21.
Raxc1 Qg5+ 22. Qg4 Qd5+ 23. Kf2 Nf6 24. Qf4 Ne4+ 25. Ke3 Rh3+ 26. Bf3 f5 27. Qe5 Qxa2 28. Kd3 Qb3+ 29. Ke2 Qxf3+ 30. Ke1 Qe3+ 31. Kf1 Qf2# 0-1

[Event "*** Titled Tuesday Blitz"]
[Site "Chess.com"]
[Date "2020.05.19"]
[Round "7"]
[White "parmupill123"]
[Black "Mikhail_Golubev"]
[Result "0-1"]
[WhiteElo "2406"]
[BlackElo "2551"]
[TimeControl "180+1"]
[EndTime "13:20:26 PDT"]
[Termination "Mikhail_Golubev won by resignation"]

1. e4 c5 2. Nc3 Nc6 3. g3 g6 4. Bg2 Bg7 5. d3 e6 6. Be3 Nd4 7. f4 Ne7 8. e5 d6 9. Nf3 Nef5 10. Bf2 O-O 11. O-O Bd7 12. Ne4 Bc6 13. c3 Nxf3+ 14.
Bxf3 dxe5 15. Bxc5 Re8 16. fxe5 Bxe5 17. Qe2 Rc8 18. Bf2 Bb5 19. Rfd1 Bg7 20. Rd2 a5 21. g4 Nh4 22. Bxh4 Qxh4 23. Rad1 Rcd8 24. Qf2 Qxf2+ 25. Nxf2 b6 26. d4 Bh6 27. Rc2 e5 28. dxe5 Rxd1+ 29.
Bxd1 Rxe5 30. Kg2 Bf4 31. Bf3 Re1 32. Be4 Bf1+ 33. Kf3 g5 34. Re2 Bxe2+ 0-1

[Event "*** Titled Tuesday Blitz"]
[Site "Chess.com"]
[Date "2020.05.19"]
[Round "7"]
[White "Lubov_Gordyk"]
[Black "L_lorenzo"]
[Result "1-0"]
[WhiteElo "2614"]
[BlackElo "2025"]
[TimeControl "180+1"]
[EndTime "13:20:26 PDT"]
[Termination "Lubov_Gordyk won on time"]

1. e4 c5 2. g3 Nc6 3. Bg2 d6 4. Ne2 Bd7 5. c3 e5 6. d4 Nge7 7. O-O g6 8. Nd2 Bg7 9. Nc4 Nc8 10. Be3 b5 11. Na3 b4 12. Nc4 bxc3 13. bxc3 cxd4 14. cxd4 O-O 15. f4 Na5 16. Nxa5 Qxa5 17. dxe5 Rd8 18. exd6 Bxa1 19. e5 Bxe5 20. fxe5 Rb8 21. Bg5 Re8 22. Bf6 Rxe5 23. Bxe5 Qxe5 24. Nf4 Qxd6 25. Qxd6 Nxd6 26. Rd1 Rb6 27. Nd5 Bg4 28. Nf6+ Kg7 29.
Nxg4 Nf5 30. Be4 Nd6 31. Bd5 Nf5 32. Bb3 Rb7 33. Kf2 h5 34. Ne3 Nxe3 35. Kxe3 Re7+ 36. Kf3 f6 37. Rd6 g5 38. h4 Rc7 39. hxg5 fxg5 40. Ke4 h4 41. gxh4 gxh4 42. Kf4 h3 43. Kg3 Rc3+ 44.
Kh2 a5 45. Rd5 a4 46. Bxa4 1-0

[Event "*** Titled Tuesday Blitz"]
[Site "Chess.com"]
[Date "2020.05.19"]
[Round "7"]
[White "Boudicca64"]
[Black "NotFischer"]
[Result "1/2-1/2"]
[WhiteElo "2001"]
[BlackElo "2087"]
[TimeControl "180+1"]
[EndTime "13:20:26 PDT"]
[Termination "Game drawn by repetition"]

1. e4 d5 2. exd5 Nf6 3. d4 Bg4 4. f3 Bf5 5. Bb5+ Nbd7 6. c4 a6 7. Bxd7+ Qxd7 8. Be3 e6 9. dxe6 Bxe6 10. Qc2 Bb4+ 11.
Nd2 O-O 12. O-O-O Bf5 13. Qb3 a5 14. g4 Bg6 15. h4 h5 16. g5 Nh7 17. Ne2 Qe7 18.
Nf4 a4 19. Nxg6 fxg6 20. Qd3 a3 21. b3 Rfe8 22. Rhe1 Nf8 23. c5 Kh7 24. Re2 Qf7 25. Nc4 Rad8 26. Qc2 Qxf3 27. Rf2 Qe4 28. Rdf1 Qxc2+ 29. Kxc2 Ne6 30. Rf7 Nxd4+ 31. Bxd4 Rxd4 32. Rxc7 Re2+ 33. Kc1 Rxa2 34. Rff7 Ra1+ 35. Kc2 Ra2+ 36. Kc1 Ra1+ 37. Kc2 Ra2+ 38. Kc1 1/2-1/2

[Event "*** Titled Tuesday Blitz"]
[Site "Chess.com"]
[Date "2020.05.19"]
[Round "7"]
[White "ChessQueen"]
[Black "alertakobra"]
[Result "1-0"]
[WhiteElo "2610"]
[BlackElo "2298"]
[TimeControl "180+1"]
[EndTime "13:20:27 PDT"]
[Termination "ChessQueen won on time"]

1. e4 e5 2. Nf3 Nc6 3. Bb5 a6 4. Ba4 Nf6 5. d4 Nxd4 6. Nxd4 exd4 7. e5 Ne4 8. Qxd4 Nc5 9. Bb3 Nxb3 10. axb3 d5 11. Nc3 Be6 12. O-O Be7 13. f4 Qd7 14. Qd3 g6 15. Be3 c5 16. Ne2 Bf5 17. Qd2 d4 18. Bf2 O-O 19. Ng3 Rac8 20. h3 c4 21.
Bxd4 cxb3 22. c3 h5 23. Qf2 Bh4 24. Qf3 Bxg3 25. Qxg3 Qe6 26. Qg5 Kh7 27. Kf2 Rfd8 28. g4 hxg4 29. hxg4 Bxg4 30. Rh1+ Bh5 31. Rxh5+ gxh5 32.
Qxh5+ Kg8 33. Rg1+ Kf8 34. f5 Qc6 35. e6 fxe6 36.
Qh8+ Ke7 37. Qf6+ Kd7 38. Rg7+ 1-0

[Event "*** Titled Tuesday Blitz"]
[Site "Chess.com"]
[Date "2020.05.19"]
[Round "7"]
[White "chessablanca"]
[Black "ChEsper99"]
[Result "1-0"]
[WhiteElo "2453"]
[BlackElo "2060"]
[TimeControl "180+1"]
[EndTime "13:20:27 PDT"]
[Termination "chessablanca won on time"]

1. g3 Nf6 2. Bg2 g6 3. b3 Bg7 4.
Bb2 O-O 5. Nf3 d6 6. O-O c5 7. d4 cxd4 8. Nxd4 a6 9. Nd2 Qc7 10. c4 Nc6 11. a3 Rb8 12. Rc1 Rd8 13. e4 Bg4 14. Qc2 Rdc8 15. h3 Bd7 16. f4 e5 17.
fxe5 dxe5 18. N4f3 Re8 19. Rfd1 Nh5 20. Nf1 Rbd8 21. Kh2 Nd4 22. Nxd4 exd4 23. Bxd4 Bc6 24. Bxg7 Kxg7 25. Rxd8 Rxd8 26. Qc3+ Kg8 27. Re1 Qe7 28. b4 b5 29. c5 Rd7 30. Ne3 Qd8 31.
Nd5 f5 32. Nb6 Rd3 33. Qe5 Rxg3 34. Qe6+ Kg7 35. Qxc6 Qd2 36. Qd7+ Kh6 37. Qxd2+ 1-0

[Event "*** Titled Tuesday Blitz"]
[Site "Chess.com"]
[Date "2020.05.19"]
[Round "7"]
[White "Mbneu"]
[Black "CroissantNeuf"]
[Result "0-1"]
[WhiteElo "2228"]
[BlackElo "2361"]
[TimeControl "180+1"]
[EndTime "13:20:27 PDT"]
[Termination "CroissantNeuf won by resignation"]

1. d4 Nf6 2. c4 e6 3. Nc3 Bb4 4. Bg5 h6 5. Bh4 c5 6. d5 exd5 7. cxd5 d6 8. e3 O-O 9. Bd3 Nbd7 10. Nf3 Re8 11. O-O a6 12. Ne4 Rxe4 13. Bxe4 g5 14. Nxg5 hxg5 15. Bxg5 Qf8 16. Bc2 Qg7 17. h4 Ne5 18. f4 Neg4 19. Qf3 c4 20. e4 Bc5+ 21. Kh1 Ne3 22. Rf2 Bg4 23. Bxf6 Qxf6 24. Qg3 Kg7 25. e5 Qh6 26. Bd1 Rh8 27. Bxg4 Qxh4+ 28. Qxh4 Rxh4+ 29. Bh3 Nxd5 30. Rf3 Nxf4 31. exd6 Bxd6 32. Rd1 Be5 33. Re1 f6 34. Re4 Kg6 35. Kg1 Kg5 36. g3 Nxh3+ 37.
Kg2 Rxe4 38. Kxh3 Re2 0-1

[Event "*** Titled Tuesday Blitz"]
[Site "Chess.com"]
[Date "2020.05.19"]
[Round "7"]
[White "DenLaz"]
[Black "ChessicallyInclined"]
[Result "1-0"]
[WhiteElo "2674"]
[BlackElo "2505"]
[TimeControl "180+1"]
[EndTime "13:20:28 PDT"]
[Termination "DenLaz won by checkmate"]

1. d4 Nf6 2. c4 e6 3. Nf3 b6 4. a3 Bb7 5. Nc3 d5 6. Bg5 Be7 7. Bxf6 Bxf6 8. cxd5 exd5 9. Qa4+ Qd7 10. e3 Qxa4 11.
Nxa4 O-O 12. Rc1 Rc8 13. g4 Nd7 14. g5 Be7 15. Bh3 Nf8 16. Bxc8 Rxc8 17. h4 c5 18. Kd2 Ne6 19. Rc2 c4 20. Nc3 a6 21. Ne5 b5 22. f4 f6 23. gxf6 gxf6 24. Nf3 Ng7 25.
h5 Nf5 26. Nh4 Nxh4 27. Rxh4 Kf7 28. Rg4 Bc6 29. Kc1 a5 30. Rcg2 Bf8 31. Rg8 b4 32.
axb4 axb4 33. Nb1 Bd7 34. Rh8 Bf5 35. h6 Rc6 36. Rgg8 Bxh6 37. Ra8 Rc7 38. Nd2 Bg7 39. Rhb8 c3 40. Nf3 cxb2+ 41. Kxb2 Rc2+ 42. Kb3 Rc3+ 43. Kxb4 Rxe3 44. Nh4 Bd7 45. Ra7 Re7 46. Rbb7 Bf8 47.
Ka5 Bg4 48. Rxe7+ Bxe7 49. f5 Kf8 50. Kb6 Bd8+ 51. Kc6 Bf3 52. Kd6 Bb6 53. Rxh7 Bxd4 54. Ke6 Kg8 55. Rd7 Be4 56. Ng6 Be3 57. Ne7+ Kh7 58.
Nxd5+ Kh6 59. Nxf6 Bg5 60. Rh7# 1-0

[Event "*** Titled Tuesday Blitz"]
[Site "Chess.com"]
[Date "2020.05.19"]
[Round "7"]
[White "Tashik"]
[Black "Hangar-18"]
[Result "1-0"]
[WhiteElo "2497"]
[BlackElo "2323"]
[TimeControl "180+1"]
[EndTime "13:20:28 PDT"]
[Termination "Tashik won by resignation"]

1. c4 f5 2. Nc3 Nf6 3. Nf3 g6 4. d3 Bg7 5. e4 d6 6. exf5 Bxf5 7. d4 O-O 8. Bd3 Qc8 9. Bxf5 Qxf5 10. O-O c6 11. Re1 Re8 12. Qb3 Qc8 13. d5 Na6 14. Be3 e5 15. c5 cxd5 16. Nxd5 Nxd5 17. Qxd5+ Qe6 18. Qxd6 Qxd6 19. cxd6 e4 20. Nd4 Nb4 21. Red1 Rad8 22. Nb5 Nd3 23. Bxa7 Bxb2 24. Rab1 Be5 25. Nc7 Bxd6 26. Nxe8 Rxe8 27. Rxb7 Bf4 28. g3 Bh6 29. a4 Rc8 30. a5 Ne5 31. Kg2 Rc2 32. Re1 e3 33. Bxe3 Nd3 34. Rd1 Bxe3 35. Rxd3 Rxf2+ 36. Kh3 Bg5 37. a6 Ra2 38. a7 h5 1-0

[Event "*** Titled Tuesday Blitz"]
[Site "Chess.com"]
[Date "2020.05.19"]
[Round "7"]
[White "Supernotar"]
[Black "CrushingKings"]
[Result "0-1"]
[WhiteElo "2656"]
[BlackElo "2517"]
[TimeControl "180+1"]
[EndTime "13:20:29 PDT"]
[Termination "CrushingKings won by checkmate"]

1. d4 g6 2. c4 Bg7 3. Nc3 c5 4. Nf3 d6 5. e3 Nc6 6. Be2 Nf6 7. O-O O-O 8. d5 Nb8 9. e4 Ne8 10. Qc2 a6 11. a4 b6 12. b3 Nd7 13. Bb2 Rb8 14.
Bd3 Nc7 15. h3 Ne5 16. Nxe5 Bxe5 17. f4 Bd4+ 18. Kh1 Bd7 19. Ne2 Bxb2 20. Qxb2 b5 21. axb5 axb5 22. Qc2 e6 23. Ra7 bxc4 24. bxc4 exd5 25.
exd5 Ra8 26. Rfa1 Qf6 27. R1a2 Rac8 28. Rb7 Qh4 29. Raa7 Bxh3 30. gxh3 Qxh3+ 31. Kg1 Ne8 32. Kf2 Nf6 33. Ke1 Ng4 34. Qc3 Rce8 35. Re7 Rxe7 36. Rxe7 Qh4+ 37. Kd2 Qxe7 38. f5 Qe3+ 39. Kc2 Ne5 40. Nc1 Ra8 41. fxg6 fxg6 42. Qb3 Rf8 43. Be2 Qe4+ 44. Kd2 Qd4+ 45. Kc2 Rf2 46. Qb8+ Kg7 47.
Qxd6 Nxc4 48. Qe7+ Rf7 49. Qe6 Qb2+ 50. Kd3 Qd4+ 51.
Kc2 Ne3+ 52. Kb3 Rb7+ 53. Ka3 Qb4+ 54. Ka2 Qb2# 0-1

[Event "*** Titled Tuesday Blitz"]
[Site "Chess.com"]
[Date "2020.05.19"]
[Round "7"]
[White "Ariadna_Atreides"]
[Black "AEMEffi"]
[Result "0-1"]
[WhiteElo "2078"]
[BlackElo "2300"]
[TimeControl "180+1"]
[EndTime "13:20:30 PDT"]
[Termination "AEMEffi won by resignation"]

1. d4 Nf6 2. Nf3 g6 3. c4 Bg7 4. Nc3 d5 5. cxd5 Nxd5 6. Bd2 O-O 7. e4 Nxc3 8. Bxc3 c5 9. d5 Bg4 10. Be2 Nd7 11. Bxg7 Kxg7 12. O-O Qc7 13. Rc1 a5 14.
Qc2 Bxf3 15. Bxf3 b6 16. a4 Qf4 17. Be2 h5 18. g3 Qf6 19. Qc3 h4 20. Qxf6+ Nxf6 21. f3 hxg3 22. hxg3 g5 23. Rfd1 Rh8 24. Kg2 g4 25. e5 gxf3+ 26. Bxf3 Nd7 27. d6 Rac8 28. Bg4 e6 29. Re1 Rh6 30. Bf3 f6 31. exf6+ Rxf6 32. Bg4 Kf7 33. Re2 Rg8 34. Bf3 Rg5 35. Bc6 Ne5 36. d7 Nxc6 37. Rd1 Ke7 38. Red2 Nd4 39. Rh1 Kxd7 40. Rh7+ Kc6 41. Re7 Rfg6 42. Rd3 Nf5 43.
Kf2 Nxe7 0-1

[Event "*** Titled Tuesday Blitz"]
[Site "Chess.com"]
[Date "2020.05.19"]
[Round "7"]
[White "peixe64"]
[Black "TurboSteen"]
[Result "1-0"]
[WhiteElo "2247"]
[BlackElo "1989"]
[TimeControl "180+1"]
[EndTime "13:20:30 PDT"]
[Termination "peixe64 won on time"]

1. e4 e6 2. d4 d5 3. Nc3 Bb4 4. e5 Ne7 5. Qg4 c5 6. a3 Bxc3+ 7. bxc3 Qc7 8. Qxg7 Rg8 9. Qxh7 cxd4 10. Ne2 dxc3 11. f4 Nbc6 12. Qd3 Bd7 13. h4 d4 14. h5 O-O-O 15. h6 Rg6 16. h7 Rh8 17. Nxd4 Nxd4 18.
Qxd4 Nf5 19. Qxa7 Bc6 20. Rh2 Rg7 21. Bd3 Rgxh7 22. Rxh7 Rxh7 23. g4 Rh1+ 24. Kf2 Rh2+ 25. Kf1 Ng3+ 26. Ke1 Rh1+ 27. Kf2 Qe7 28. Qa8+ Kd7 29.
Bb5 Qh4 30. Qxb7+ Kd8 31. Qb6+ Ke7 32. Qc5+ 1-0

[Event "*** Titled Tuesday Blitz"]
[Site "Chess.com"]
[Date "2020.05.19"]
[Round "7"]
[White "FairChess_on_YouTube"]
[Black "Tapuah"]
[Result "1-0"]
[WhiteElo "3025"]
[BlackElo "2799"]
[TimeControl "180+1"]
[EndTime "13:20:31 PDT"]
[Termination "FairChess_on_YouTube won by resignation"]

1. d4 Nf6 2. c4 g6 3. Nc3 Bg7 4.
e4 d6 5. h3 O-O 6. Be3 e5 7. d5 Na6 8. Bd3 Nc5 9. Bc2 Nh5 10.
b4 Na6 11. a3 Nf4 12. Qf3 c6 13. Nge2 cxd5 14. cxd5 Qc7 15. Rc1 f5 16. Bxf4 exf4 17. O-O fxe4 18. Bxe4 Qe7 19. Nb5 Bd7 20. Nbd4 Rac8 21.
Ne6 Rxc1 22. Rxc1 Bxe6 23. dxe6 Nc7 24. Bxb7 Nxe6 25. Bd5 Kh8 26. Bxe6 Qxe6 27. Rc7 Re8 28. Rxa7 g5 29. Qh5 h6 30. Nc1 Qe1+ 31. Kh2 f3 32. Nd3 Be5+ 33. Nxe5 Qxe5+ 34. g3 Qe6 35. Qxf3 1-0

[Event "*** Titled Tuesday Blitz"]
[Site "Chess.com"]
[Date "2020.05.19"]
[Round "7"]
[White "RaunakSadhwani2005"]
[Black "SuperCheese"]
[Result "1-0"]
[WhiteElo "2802"]
[BlackElo "2564"]
[TimeControl "180+1"]
[EndTime "13:20:31 PDT"]
[Termination "RaunakSadhwani2005 won by resignation"]

1. e4 e5 2. Nf3 Nc6 3. Bb5 a6 4. Ba4 Nf6 5. O-O Be7 6. Re1 b5 7. Bb3 d6 8. c3 O-O 9. h3 Na5 10. Bc2 c5 11. d4 Nd7 12. Nbd2 exd4 13. cxd4 Nc6 14. d5 Nce5 15. Nh2 Ng6 16. Ndf1 Re8 17.
f4 Bb7 18. Nf3 Nh4 19. Bd2 Bf6 20. Bc3 b4 21. Bxf6 Qxf6 22. Nxh4 Qxh4 23. Qf3 Nb6 24. Ne3 Qf6 25. Rab1 a5 26. Ng4 Qe7 27. Qg3 Kh8 28. Rbd1 a4 29. Bb1 Nc4 30. Re2 Ba6 31. Rf2 f5 32.
exf5 Ne3 33. Re1 Nxf5 34. Rxe7 Nxg3 35. Re6 Bc4 36. Rd2 Nf5 37. Bxf5 Bxa2 38. Rxe8+ Rxe8 39. Be6 Bc4 40. Ne3 Bb3 41. Rd3 g6 42. g4 Ra8 43. g5 Kg7 44. f5 a3 45. bxa3 bxa3 46. Rxb3 a2 47. Nc2 a1=Q+ 48. Nxa1 Rxa1+ 49. Kf2 gxf5 50. Bxf5 Ra2+ 51. Kg3 Rd2 52. Rb7+ Kf8 53. Bxh7 Rxd5 54. g6 Rg5+ 55. Kf4 Rg1 56. h4 d5 57. h5 c4 58. h6 c3 59. g7+ Ke8 60. Rb8+ Kd7 61. g8=Q Rxg8 62. Rxg8 c2 63. Bxc2 1-0

[Event "*** Titled Tuesday Blitz"]
[Site "Chess.com"]
[Date "2020.05.19"]
[Round "7"]
[White "WhiteCapital80"]
[Black "Witik"]
[Result "0-1"]
[WhiteElo "2438"]
[BlackElo "2629"]
[TimeControl "180+1"]
[EndTime "13:20:31 PDT"]
[Termination "Witik won by resignation"]

1. e4 c6 2. d4 d5 3. Nd2 dxe4 4.
Nxe4 Nf6 5. Nxf6+ exf6 6. c3 Bd6 7. Bd3 O-O 8. Ne2 Re8 9. Qc2 h5 10. Be3 Nd7 11. O-O-O Nf8 12. Kb1 Be6 13. c4 Rc8 14.
Nc3 b5 15. cxb5 cxb5 16. Bxb5 Re7 17. d5 Bg4 18. Rd2 Ng6 19. h3 Bd7 20. Qa4 Ne5 21. Rd4 Bc5 22. Re4 Bf5 23. Ka1 Bxe4 24. Bxc5 Rxc5 25.
Qxe4 Qd6 26. Qd4 Rc8 27. Rd1 f5 28. f4 Ng6 29. g3 h4 30. Bd3 hxg3 31. Bxf5 Rd8 32.
Ne4 Qxf4 33. Bxg6 fxg6 34. Re1 g2 35. d6 Rxe4 36. Qd5+ Kh7 37. Rb1 Rxd6 38. Qa8 Rd2 39. Qxa7 Ree2 40. Qg1 Qe5 41. Qc1 Rxb2 0-1

[Event "*** Titled Tuesday Blitz"]
[Site "Chess.com"]
[Date "2020.05.19"]
[Round "7"]
[White "VojtechPlat"]
[Black "MITerryble"]
[Result "0-1"]
[WhiteElo "2888"]
[BlackElo "2863"]
[TimeControl "180+1"]
[EndTime "13:20:32 PDT"]
[Termination "MITerryble won by resignation"]

1. d4 e6 2. Nf3 Nf6 3. e3 b6 4. c4 Bb7 5. Bd3 Bb4+ 6. Nbd2 O-O 7. O-O a5 8. Re1 d6 9. Qc2 Bxf3 10. gxf3 Nbd7 11.
a3 Bxd2 12. Bxd2 e5 13. Bc3 Re8 14. Kh1 Qe7 15. Rg1 g6 16. Bf5 exd4 17. Bxd4 Ne5 18. Rg3 c5 19. Bc3 Kf8 20. Bd3 Nh5 21. Rh3 Qe6 22.
Bf1 Rad8 23. f4 Ng4 24. Bg2 Kg8 25. f5 Qxc4 26. fxg6 hxg6 27. Rg1 Qd3 28. Rc1 Qxc2 29. Rxc2 d5 30. Bf3 Ngf6 31. Rc1 d4 32. exd4 cxd4 33. Bd2 Ne4 34. Be1 Ng5 35. Rxh5 Nxf3 0-1

[Event "*** Titled Tuesday Blitz"]
[Site "Chess.com"]
[Date "2020.05.19"]
[Round "7"]
[White "GMStefanova"]
[Black "gvanna"]
[Result "1-0"]
[WhiteElo "2640"]
[BlackElo "2465"]
[TimeControl "180+1"]
[EndTime "13:20:32 PDT"]
[Termination "GMStefanova won by resignation"]

1. d4 d5 2. Nf3 Nf6 3. Bf4 Nh5 4. Bd2 e6 5. e3 Bd6 6. Ne5 Nf6 7. c4 c6 8. Nc3 Nbd7 9. f4 Ne4 10. Nxe4 dxe4 11.
Qg4 O-O 12. Be2 f5 13. Qh3 c5 14. O-O-O Qe7 15. g4 Nxe5 16. dxe5 Bc7 17. Rhg1 Bd7 18.
Be1 Kh8 19. Bh4 Qf7 20. gxf5 exf5 21. Kb1 Be6 22. Rc1 Bd8 23. Rg2 Bxh4 24. Qxh4 Rg8 25. Bh5 g6 26. Be2 Rad8 27. Qe1 a6 28. h4 Qe7 29. h5 g5 30. fxg5 Rxg5 31. Qh4 h6 32.
Rgg1 Qg7 33. Rgd1 Rxd1 34. Rxd1 Qxe5 35. Rd8+ Kg7 36. Qe1 Rg2 37. a3 Kf7 38. Ra8 Bxc4 39. Bxc4+ Kg7 40. Rg8+ Kh7 41. Rxg2 b5 42. Bg8+ Kh8 43.
Qc3 Qxc3 44. bxc3 1-0

[Event "*** Titled Tuesday Blitz"]
[Site "Chess.com"]
[Date "2020.05.19"]
[Round "7"]
[White "Shuvalov"]
[Black "lili_ani"]
[Result "1-0"]
[WhiteElo "2430"]
[BlackElo "2557"]
[TimeControl "180+1"]
[EndTime "13:20:32 PDT"]
[Termination "Shuvalov won by checkmate"]

1. Nf3 c5 2. c4 Nc6 3. d4 cxd4 4. Nxd4 g6 5. e4 Bg7 6. Be3 d6 7. Nc3 Nf6 8. Be2 O-O 9. O-O Bd7 10. f3 a6 11. Rc1 Rb8 12. Qd2 b5 13. Rfd1 Nxd4 14. Bxd4 bxc4 15. Bxc4 a5 16. e5 dxe5 17. Bxe5 Rb4 18. b3 Rb7 19. Kh1 Qe8 20. a4 Bc6 21. Nb5 Ne4 22. fxe4 Bxe5 23. Qxa5 Bxe4 24. Re1 Qc6 25.
Bxf7+ Rxf7 26. Rxc6 Bxc6 27. Qd8+ Rf8 28. Qd1 Bxb5 29.
Qd5+ Rf7 30. Qxb7 Bc3 31. Qc8+ Rf8 32. Qxc3 Ba6 33. b4 Bb7 34. Qc4+ Kh8 35. h3 e5 36. Rxe5 Bc8 37. Re7 Bf5 38. Qd4+ Kg8 39. Qg7# 1-0